Workbook
Name AbaDeprec: Depreciação!$A$1
Name AbaRemun: 'Remuneração de capital'!$A$1

Sheet Resumo
A1: SERVIÇO DE LIMPEZA URBANA
A2: COLETA DE RESÍDUOS SÓLIDOS
A4: ITEM | B4: ESPECIFICAÇÃO | C4: UND. | D4: QUANT. | E4: V. UNIT. | F4: V. TOTAL
A5: 1 | B5: COLETA DE RESÍDUOS SÓLIDOS URBANOS A FIM DE ATENDER AS NECESSIDADES DO MUNICÍPIO DE ROLIM DE MOURA -RO E DISTRITO DE NOVA ESTRELA. | C5: TONELADA | D5: 10800 | E5: =Coleta!F326 -> 0 | F5: =E5*D5 -> 0
A6: 2 | B6: TRANSPORTE DE RESÍDUOS URBANOS, A FIM DE ATENDER AS NECESSIDADES DO MUNICÍPIO DE ROLIM DE MOURA - RO E DISTRITO DE NOVA ESTRELA. | C6: QUILOMETRAGEM | D6: 152880 | E6: =Transporte!F323 -> 0 | F6: =E6*D6 -> 0
E7: TOTAL: | F7: =SUM(F5:F6) -> 0

Sheet Coleta
A1: ESTADO DE RONDÔNIA
A2: MUNICÍPIO DE ROLIM DE MOURA
F4: Data: 12/06/2026
A5: 1. Coleta de Resíduos Sólidos (Coleta + Pesagem)
A6: Planilha de Composição de Custos
A8: Orçamento Sintético
A9: Descrição do Item | E9: Custo (R$/mês) | F9: %
A10: =A47 -> 1. Mão-de-obra | E10: =+F155 -> 0 | F10: =IFERROR(E10/$E$31,0) -> 0
A11: =A49 -> 1.1. Coletor Turno Dia | E11: =F60 -> 0 | F11: =IFERROR(E11/$E$31,0) -> 0
A12: =A62 -> 1.2. Coletor Turno Noite | E12: =F79 -> 0 | F12: =IFERROR(E12/$E$31,0) -> 0
A13: =A81 -> 1.3. Motorista Turno do Dia | E13: =F94 -> 0 | F13: =IFERROR(E13/$E$31,0) -> 0
A14: =A96 -> 1.4. Motorista Turno Noite | E14: =F115 -> 0 | F14: =IFERROR(E14/$E$31,0) -> 0
A15: =A117 -> 1.5. Supervisor | E15: =F130 -> 0 | F15: =IFERROR(E15/$E$31,0) -> 0
A16: =A132 -> 1.6. Vale Transporte | E16: =F139 -> 0 | F16: =IFERROR(E16/$E$31,0) -> 0
A17: =A148 -> 1.7. Auxílio Alimentação (mensal) | E17: =F153 -> 0 | F17: =IFERROR(E17/$E$31,0) -> 0
A18: =A157 -> 2. Uniformes e Equipamentos de Proteção Individual | E18: =+F191 -> 0 | F18: =IFERROR(E18/$E$31,0) -> 0
A19: =A193 -> 3. Veículos e Equipamentos | E19: =+F270 -> 0 | F19: =IFERROR(E19/$E$31,0) -> 0
A20: =A195 -> 3.1. Veículo Coletor Compactador 15 m³ | E20: =SUM(E21:E26) -> 0 | F20: =IFERROR(E20/$E$31,0) -> 0
A21: =A197 -> 3.1.1. Depreciação | E21: =F211 -> 0 | F21: =IFERROR(E21/$E$31,0) -> 0
A22: =A213 -> 3.1.2. Remuneração do Capital | E22: =F227 -> 0 | F22: =IFERROR(E22/$E$31,0) -> 0
A23: =A229 -> 3.1.3. Impostos e Seguros | E23: =F235 -> 0 | F23: =IFERROR(E23/$E$31,0) -> 0
A24: =A237 -> 3.1.4. Consumos | E24: =F253 -> 0 | F24: =IFERROR(E24/$E$31,0) -> 0
A25: =A255 -> 3.1.5. Manutenção | E25: =F258 -> 0 | F25: =IFERROR(E25/$E$31,0) -> 0
A26: =A260 -> 3.1.6. Pneus | E26: =F267 -> 0 | F26: =IFERROR(E26/$E$31,0) -> 0
A27: =A272 -> 4. Ferramentas e Materiais de Consumo | E27: =+F283 -> 0 | F27: =IFERROR(E27/$E$31,0) -> 0
A28: =A285 -> 5. Monitoramento da Frota | E28: =+F294 -> 0 | F28: =IFERROR(E28/$E$31,0) -> 0
A29: =A296 -> 6. Serviço de Pesagem | E29: =+F303 -> 0 | F29: =IFERROR(E29/$E$31,0) -> 0
A30: =A307 -> 7. Benefícios e Despesas Indiretas - BDI | E30: =+F313 -> 0 | F30: =IFERROR(E30/$E$31,0) -> 0
A31: PREÇO TOTAL MENSAL COM A COLETA | E31: =E10+E18+E19+E27+E28+E29+E30 -> 0 | F31: =F10+F18+F19+F27+F28+F29+F30 -> 0
A33: Quantitativos
A34: Mão-de-obra | E34: Quantidade
A35: =+A49 -> 1.1. Coletor Turno Dia | E35: =C59 -> 15
A36: =+A62 -> 1.2. Coletor Turno Noite | E36: =C78 -> 3
A37: =+A81 -> 1.3. Motorista Turno do Dia | E37: =C93 -> 5
A38: =+A96 -> 1.4. Motorista Turno Noite | E38: =C114 -> 1
A39: =+A117 -> 1.5. Supervisor | E39: =C129 -> 1
A40: Total de mão-de-obra (postos de trabalho) | E40: =SUM(E35:E39) -> 25
A42: Veículos e Equipamentos | E42: Quantidade
A43: =+A195 -> 3.1. Veículo Coletor Compactador 15 m³ | B43: (incluíndo veículo reserva) | E43: 4
A45: Fator de utilização (FU) | B45: 1
A47: 1. Mão-de-obra
A49: 1.1. Coletor Turno Dia
A50: Discriminação | B50: Unidade | C50: Quantidade | D50: Custo unitário | E50: Subtotal | F50: Total (R$)
A51: Piso da categoria | B51: mês | C51: 1 | E51: =C51*D51 -> 0 | H51: Conforme Convenção Coletiva RO000003/2025
A52: Horas Extras (100%) | B52: hora | C52: 5 | D52: =D51/220*2 -> 0 | E52: =C52*D52 -> 0 | G52: Excluir esta linha caso a contratação não tenha previsão de horas extras 100% explícita no edital
A53: Horas Extras (50%) | B53: hora | D53: =D51/220*1.5 -> 0 | E53: =C53*D53 -> 0 | G53: Excluir esta linha caso a contratação não tenha previsão de horas extras 50% explícita no edital
A54: Descanso Semanal Remunerado (DSR) - hora extra | B54: R$ | D54: =63/302*(SUM(E52:E53)) -> 0 | E54: =D54 -> 0 | G54: Excluir esta linha caso a contratação não tenha previsão de horas extras explícita no edital
A55: Adicional de Insalubridade | B55: % | C55: 40 | D55: =D84 -> 0 | E55: =C55*D55/100 -> 0 | H55: Com base no salário mínimo 2026
A56: Soma | E56: =SUM(E51:E55) -> 0
A57: Encargos Sociais | B57: % | C57: ='Encargos Sociais'!$C$34*100 -> 70.595952 | D57: =E56 -> 0 | E57: =D57*C57/100 -> 0
A58: Total por Coletor | E58: =E56+E57 -> 0
A59: Total do Efetivo | B59: homem | C59: 15 | D59: =E58 -> 0 | E59: =C59*D59 -> 0
D60: Fator de utilização | E60: =$B$45 -> 1 | F60: =E59*E60 -> 0
A62: 1.2. Coletor Turno Noite
A63: Discriminação | B63: Unidade | C63: Quantidade | D63: Custo unitário | E63: Subtotal | F63: Total (R$)
A64: Piso da categoria | B64: mês | C64: 1 | D64: =D51 -> 0 | E64: =C64*D64 -> 0
A65: Adicional Noturno | B65: horas trabalhadas | C65: 26
B66: hora contabilizada | C66: =C65*8/7 -> 29.714286 | D66: =D64/220*0.2 -> 0 | E66: =C66*D66 -> 0
A67: Horas Extras (100%) | B67: hora | C67: 5 | D67: =D64/220*2 -> 0 | E67: =C67*D67 -> 0 | G67: Excluir esta linha caso a contratação não tenha previsão de horas extras 100% explícita no edital
A68: Horas Extras Noturnas (100%) | B68: horas trabalhadas | G68: Excluir esta linha caso a contratação não tenha previsão de horas extras noturnas 100% explícita no edital
B69: hora contabilizada | C69: =C68*8/7 -> 0 | D69: =D64/220*2*1.2 -> 0 | E69: =C69*D69 -> 0 | G69: Excluir esta linha caso a contratação não tenha previsão de horas extras noturnas 100% explícita no edital
A70: Horas Extras (50%) | B70: hora | D70: =D64/180*1.5 -> 0 | E70: =C70*D70 -> 0 | G70: Excluir esta linha caso a contratação não tenha previsão de horas extras 50% explícita no edital
A71: Horas Extras Noturnas (50%) | B71: horas trabalhadas | G71: Excluir esta linha caso a contratação não tenha previsão de horas extras noturnas 50% explícita no edital
B72: hora contabilizada | C72: =C71*8/7 -> 0 | D72: =D64/180*1.5*1.2 -> 0 | E72: =C72*D72 -> 0 | G72: Excluir esta linha caso a contratação não tenha previsão de horas extras noturnas 50% explícita no edital
A73: Descanso Semanal Remunerado (DSR) - hora extra | B73: R$ | D73: =63/302*(SUM(E67:E72)) -> 0 | E73: =D73 -> 0 | G73: Excluir esta linha caso a contratação não tenha previsão de horas extras explícita no edital
A74: Adicional de Insalubridade | B74: % | C74: =+C55 -> 40 | D74: =D84 -> 0 | E74: =C74*D74/100 -> 0 | H74: Com base no salário mínimo 2026
A75: Soma | E75: =SUM(E64:E74) -> 0
A76: Encargos Sociais | B76: % | C76: ='Encargos Sociais'!$C$34*100 -> 70.595952 | D76: =E75 -> 0 | E76: =D76*C76/100 -> 0
A77: Total por Coletor | E77: =E75+E76 -> 0
A78: Total do Efetivo | B78: homem | C78: 3 | D78: =E77 -> 0 | E78: =C78*D78 -> 0
D79: Fator de utilização | E79: =$B$45 -> 1 | F79: =E78*E79 -> 0
A81: 1.3. Motorista Turno do Dia
A82: Discriminação | B82: Unidade | C82: Quantidade | D82: Custo unitário | E82: Subtotal | F82: Total (R$)
A83: Piso da categoria (2) | B83: mês | C83: 1 | E83: =C83*D83 -> 0 | H83: Conforme Convenção Coletiva RO000003/2025
A84: Salário mínimo nacional (1) | B84: mês | C84: 1 | H84: Com base no salário mínimo 2026
A85: Horas Extras (100%) | B85: hora | C85: 5 | D85: =D83/220*2 -> 0 | E85: =C85*D85 -> 0 | G85: Excluir esta linha caso a contratação não tenha previsão de horas extras 100% explícita no edital
A86: Horas Extras (50%) | B86: hora | D86: =D83/220*1.5 -> 0 | E86: =C86*D86 -> 0 | G86: Excluir esta linha caso a contratação não tenha previsão de horas extras 50% explícita no edital
A87: Descanso Semanal Remunerado (DSR) - hora extra | B87: R$ | D87: =63/302*(SUM(E85:E86)) -> 0 | E87: =D87 -> 0 | G87: Excluir esta linha caso a contratação não tenha previsão de horas extras explícita no edital
A88: Base de cálculo da Insalubridade | C88: 1
A89: Adicional de Insalubridade | B89: % | C89: 40 | D89: =D84 -> 0 | E89: =C89*D89/100 -> 0
A90: Soma | E90: =SUM(E83:E89) -> 0
A91: Encargos Sociais | B91: % | C91: ='Encargos Sociais'!$C$34*100 -> 70.595952 | D91: =E90 -> 0 | E91: =D91*C91/100 -> 0
A92: Total por Motorista | E92: =E90+E91 -> 0
A93: Total do Efetivo | B93: homem | C93: 5 | D93: =E92 -> 0 | E93: =C93*D93 -> 0
D94: Fator de utilização | E94: =$B$45 -> 1 | F94: =E93*E94 -> 0
A96: 1.4. Motorista Turno Noite
A97: Discriminação | B97: Unidade | C97: Quantidade | D97: Custo unitário | E97: Subtotal | F97: Total (R$)
A98: Piso da categoria (2) | B98: mês | C98: 1 | D98: =D83 -> 0 | E98: =C98*D98 -> 0
A99: Salário mínimo nacional (1) | B99: mês | C99: 1 | D99: =D84 -> 0
A100: Adicional Noturno | B100: horas trabalhadas | C100: 26
B101: hora contabilizada | C101: =C100*8/7 -> 29.714286 | D101: =D98/220*0.2 -> 0 | E101: =C101*D101 -> 0
A102: Horas Extras (100%) | B102: hora | C102: 5 | D102: =D98/220*2 -> 0 | E102: =C102*D102 -> 0 | G102: Excluir esta linha caso a contratação não tenha previsão de horas extras 100% explícita no edital
A103: Horas Extras Noturnas (100%) | B103: horas trabalhadas | G103: Excluir esta linha caso a contratação não tenha previsão de horas extras noturnas 100% explícita no edital
B104: hora contabilizada | C104: =C103*8/7 -> 0 | D104: =D98/220*2*1.2 -> 0 | E104: =C104*D104 -> 0 | G104: Excluir esta linha caso a contratação não tenha previsão de horas extras noturnas 100% explícita no edital
A105: Horas Extras (50%) | B105: hora | D105: =D98/180*1.5 -> 0 | E105: =C105*D105 -> 0 | G105: Excluir esta linha caso a contratação não tenha previsão de horas extras 50% explícita no edital
A106: Horas Extras Noturnas (50%) | B106: horas trabalhadas | G106: Excluir esta linha caso a contratação não tenha previsão de horas extras noturnas 50% explícita no edital
B107: hora contabilizada | C107: =C106*8/7 -> 0 | D107: =D98/180*1.5*1.2 -> 0 | E107: =C107*D107 -> 0 | G107: Excluir esta linha caso a contratação não tenha previsão de horas extras noturnas 50% explícita no edital
A108: Descanso Semanal Remunerado (DSR) - hora extra | B108: R$ | D108: =63/302*(SUM(E102:E107)) -> 0 | E108: =D108 -> 0 | G108: Excluir esta linha caso a contratação não tenha previsão de horas extras explícita no edital
A109: Base de cálculo da Insalubridade | C109: 1
A110: Adicional de Insalubridade | B110: % | C110: =+C89 -> 40 | D110: =D99 -> 0 | E110: =C110*D110/100 -> 0
...

Sheet Transporte
A1: ESTADO DE RONDÔNIA
A2: MUNICÍPIO DE ROLIM DE MOURA
F4: Data: 12/06/2026
A5: 2. Coleta de Resíduos Sólidos (Transporte)
A6: Planilha de Composição de Custos
A8: Orçamento Sintético
A9: Descrição do Item | E9: Custo (R$/mês) | F9: %
A10: =A47 -> 1. Mão-de-obra | E10: =+F155 -> 0 | F10: =IFERROR(E10/$E$31,0) -> 0
A11: =A49 -> 1.1. Coletor Turno Dia | E11: =F60 -> 0 | F11: =IFERROR(E11/$E$31,0) -> 0
A12: =A62 -> 1.2. Coletor Turno Noite | E12: =F79 -> 0 | F12: =IFERROR(E12/$E$31,0) -> 0
A13: =A81 -> 1.3. Motorista Turno do Dia | E13: =F94 -> 0 | F13: =IFERROR(E13/$E$31,0) -> 0
A14: =A96 -> 1.4. Motorista Turno Noite | E14: =F115 -> 0 | F14: =IFERROR(E14/$E$31,0) -> 0
A15: =A117 -> 1.5. Supervisor | E15: =F130 -> 0 | F15: =IFERROR(E15/$E$31,0) -> 0
A16: =A132 -> 1.6. Vale Transporte | E16: =F139 -> 0 | F16: =IFERROR(E16/$E$31,0) -> 0
A17: =A148 -> 1.7. Auxílio Alimentação (mensal) | E17: =F153 -> 0 | F17: =IFERROR(E17/$E$31,0) -> 0
A18: =A157 -> 2. Uniformes e Equipamentos de Proteção Individual | E18: =+F190 -> 0 | F18: =IFERROR(E18/$E$31,0) -> 0
A19: =A192 -> 3. Veículos e Equipamentos | E19: =+F269 -> 0 | F19: =IFERROR(E19/$E$31,0) -> 0
A20: =A194 -> 3.1. Veículo Coletor Compactador 15 m³ | E20: =SUM(E21:E26) -> 0 | F20: =IFERROR(E20/$E$31,0) -> 0
A21: =A196 -> 3.1.1. Depreciação | E21: =F210 -> 0 | F21: =IFERROR(E21/$E$31,0) -> 0
A22: =A212 -> 3.1.2. Remuneração do Capital | E22: =F226 -> 0 | F22: =IFERROR(E22/$E$31,0) -> 0
A23: =A228 -> 3.1.3. Impostos e Seguros | E23: =F234 -> 0 | F23: =IFERROR(E23/$E$31,0) -> 0
A24: =A236 -> 3.1.4. Consumos | E24: =F252 -> 0 | F24: =IFERROR(E24/$E$31,0) -> 0
A25: =A254 -> 3.1.5. Manutenção | E25: =F257 -> 0 | F25: =IFERROR(E25/$E$31,0) -> 0
A26: =A259 -> 3.1.6. Pneus | E26: =F266 -> 0 | F26: =IFERROR(E26/$E$31,0) -> 0
A27: =A271 -> 4. Ferramentas e Materiais de Consumo | E27: =+F281 -> 0 | F27: =IFERROR(E27/$E$31,0) -> 0
A28: =A283 -> 5. Monitoramento da Frota | E28: =+F292 -> 0 | F28: =IFERROR(E28/$E$31,0) -> 0
A29: =A294 -> 6. Serviço de Pesagem | E29: =+F301 -> 0 | F29: =IFERROR(E29/$E$31,0) -> 0
A30: =A305 -> 7. Benefícios e Despesas Indiretas - BDI | E30: =+F311 -> 0 | F30: =IFERROR(E30/$E$31,0) -> 0
A31: PREÇO TOTAL MENSAL COM A COLETA | E31: =E10+E18+E19+E27+E28+E29+E30 -> 0 | F31: =F10+F18+F19+F27+F28+F29+F30 -> 0
A33: Quantitativos
A34: Mão-de-obra | E34: Quantidade
A35: =+A49 -> 1.1. Coletor Turno Dia | E35: =C59 -> 0
A36: =+A62 -> 1.2. Coletor Turno Noite | E36: =C78 -> 0
A37: =+A81 -> 1.3. Motorista Turno do Dia | E37: =C93 -> 1
A38: =+A96 -> 1.4. Motorista Turno Noite | E38: =C114 -> 0
A39: =+A117 -> 1.5. Supervisor | E39: =C129 -> 0
A40: Total de mão-de-obra (postos de trabalho) | E40: =SUM(E35:E39) -> 1
A42: Veículos e Equipamentos | E42: Quantidade
A43: =+A194 -> 3.1. Veículo Coletor Compactador 15 m³ | E43: 0
A45: Fator de utilização (FU) | B45: 1
A47: 1. Mão-de-obra
A49: 1.1. Coletor Turno Dia
A50: Discriminação | B50: Unidade | C50: Quantidade | D50: Custo unitário | E50: Subtotal | F50: Total (R$)
A51: Piso da categoria | B51: mês | C51: 1 | E51: =C51*D51 -> 0 | H51: Conforme Convenção Coletiva 2020/2020 - RO000066/2020
A52: Horas Extras (100%) | B52: hora | D52: =D51/180*2 -> 0 | E52: =C52*D52 -> 0 | G52: Excluir esta linha caso a contratação não tenha previsão de horas extras 100% explícita no edital
A53: Horas Extras (50%) | B53: hora | D53: =D51/180*1.5 -> 0 | E53: =C53*D53 -> 0 | G53: Excluir esta linha caso a contratação não tenha previsão de horas extras 50% explícita no edital
A54: Descanso Semanal Remunerado (DSR) - hora extra | B54: R$ | D54: =63/302*(SUM(E52:E53)) -> 0 | E54: =D54 -> 0 | G54: Excluir esta linha caso a contratação não tenha previsão de horas extras explícita no edital
A55: Adicional de Insalubridade | B55: % | C55: 40 | D55: 1100 | E55: =C55*D55/100 -> 440 | H55: Com base no salário mínimo
A56: Soma | E56: =SUM(E51:E55) -> 440
A57: Encargos Sociais | B57: % | C57: ='[1]2.Encargos Sociais'!$C$37*100 -> 70.595952 | D57: =E56 -> 440 | E57: =D57*C57/100 -> 310.62219
A58: Total por Coletor | E58: =E56+E57 -> 750.62219
A59: Total do Efetivo | B59: homem | D59: =E58 -> 750.62219 | E59: =C59*D59 -> 0
D60: Fator de utilização | E60: =$B$45 -> 1 | F60: =E59*E60 -> 0
A62: 1.2. Coletor Turno Noite
A63: Discriminação | B63: Unidade | C63: Quantidade | D63: Custo unitário | E63: Subtotal | F63: Total (R$)
A64: Piso da categoria | B64: mês | C64: 1 | D64: =D51 -> 0 | E64: =C64*D64 -> 0
A65: Adicional Noturno | B65: horas trabalhadas
B66: hora contabilizada | C66: =C65*8/7 -> 0 | D66: =D64/180*0.2 -> 0 | E66: =C66*D66 -> 0
A67: Horas Extras (100%) | B67: hora | D67: =D64/180*2 -> 0 | E67: =C67*D67 -> 0 | G67: Excluir esta linha caso a contratação não tenha previsão de horas extras 100% explícita no edital
A68: Horas Extras Noturnas (100%) | B68: horas trabalhadas | G68: Excluir esta linha caso a contratação não tenha previsão de horas extras noturnas 100% explícita no edital
B69: hora contabilizada | C69: =C68*8/7 -> 0 | D69: =D64/180*2*1.2 -> 0 | E69: =C69*D69 -> 0 | G69: Excluir esta linha caso a contratação não tenha previsão de horas extras noturnas 100% explícita no edital
A70: Horas Extras (50%) | B70: hora | D70: =D64/180*1.5 -> 0 | E70: =C70*D70 -> 0 | G70: Excluir esta linha caso a contratação não tenha previsão de horas extras 50% explícita no edital
A71: Horas Extras Noturnas (50%) | B71: horas trabalhadas | G71: Excluir esta linha caso a contratação não tenha previsão de horas extras noturnas 50% explícita no edital
B72: hora contabilizada | C72: =C71*8/7 -> 0 | D72: =D64/180*1.5*1.2 -> 0 | E72: =C72*D72 -> 0 | G72: Excluir esta linha caso a contratação não tenha previsão de horas extras noturnas 50% explícita no edital
A73: Descanso Semanal Remunerado (DSR) - hora extra | B73: R$ | D73: =63/302*(SUM(E67:E72)) -> 0 | E73: =D73 -> 0 | G73: Excluir esta linha caso a contratação não tenha previsão de horas extras explícita no edital
A74: Adicional de Insalubridade | B74: % | C74: =+C55 -> 40 | D74: 1100 | E74: =C74*D74/100 -> 440 | H74: Com base no salário mínimo
A75: Soma | E75: =SUM(E64:E74) -> 440
A76: Encargos Sociais | B76: % | C76: ='[1]2.Encargos Sociais'!$C$37*100 -> 70.595952 | D76: =E75 -> 440 | E76: =D76*C76/100 -> 310.62219
A77: Total por Coletor | E77: =E75+E76 -> 750.62219
A78: Total do Efetivo | B78: homem | C78: 0 | D78: =E77 -> 750.62219 | E78: =C78*D78 -> 0
D79: Fator de utilização | E79: =$B$45 -> 1 | F79: =E78*E79 -> 0
A81: 1.3. Motorista Turno do Dia
A82: Discriminação | B82: Unidade | C82: Quantidade | D82: Custo unitário | E82: Subtotal | F82: Total (R$)
A83: Piso da categoria (2) | B83: mês | C83: 1 | E83: =C83*D83 -> 0 | H83: Conforme Convenção Coletiva RO000003/2025
A84: Salário mínimo nacional (1) | B84: mês | C84: 1 | H84: Com base no salário mínimo 2026
A85: Horas Extras (100%) | B85: hora | C85: 5 | D85: =D83/180*2 -> 0 | E85: =C85*D85 -> 0 | G85: Excluir esta linha caso a contratação não tenha previsão de horas extras 100% explícita no edital
A86: Horas Extras (50%) | B86: hora | D86: =D83/220*1.5 -> 0 | E86: =C86*D86 -> 0 | G86: Excluir esta linha caso a contratação não tenha previsão de horas extras 50% explícita no edital
A87: Descanso Semanal Remunerado (DSR) - hora extra | B87: R$ | D87: =63/302*(SUM(E85:E86)) -> 0 | E87: =D87 -> 0 | G87: Excluir esta linha caso a contratação não tenha previsão de horas extras explícita no edital
A88: Base de cálculo da Insalubridade
A89: Adicional de Insalubridade | B89: % | C89: 40 | D89: =D84 -> 0 | E89: =C89*D89/100 -> 0
A90: Soma | E90: =SUM(E83:E89) -> 0
A91: Encargos Sociais | B91: % | C91: ='Encargos Sociais'!$C$34*100 -> 70.595952 | D91: =E90 -> 0 | E91: =D91*C91/100 -> 0
A92: Total por Motorista | E92: =E90+E91 -> 0
A93: Total do Efetivo | B93: homem | C93: 1 | D93: =E92 -> 0 | E93: =C93*D93 -> 0
D94: Fator de utilização | E94: =$B$45 -> 1 | F94: =E93*E94 -> 0
A96: 1.4. Motorista Turno Noite
A97: Discriminação | B97: Unidade | C97: Quantidade | D97: Custo unitário | E97: Subtotal | F97: Total (R$)
A98: Piso da categoria (2) | B98: mês | C98: 1 | D98: =D83 -> 0 | E98: =C98*D98 -> 0
A99: Salário mínimo nacional (1) | B99: mês | C99: 1 | D99: =D84 -> 0
A100: Adicional Noturno | B100: horas trabalhadas | C100: 26
B101: hora contabilizada | C101: =C100*8/7 -> 29.714286 | D101: =D98/180*0.2 -> 0 | E101: =C101*D101 -> 0
A102: Horas Extras (100%) | B102: hora | C102: 5 | D102: =D98/180*2 -> 0 | E102: =C102*D102 -> 0 | G102: Excluir esta linha caso a contratação não tenha previsão de horas extras 100% explícita no edital
A103: Horas Extras Noturnas (100%) | B103: horas trabalhadas | C103: 1 | G103: Excluir esta linha caso a contratação não tenha previsão de horas extras noturnas 100% explícita no edital
B104: hora contabilizada | C104: =C103*8/7 -> 1.1428571 | D104: =D98/180*2*1.2 -> 0 | E104: =C104*D104 -> 0 | G104: Excluir esta linha caso a contratação não tenha previsão de horas extras noturnas 100% explícita no edital
A105: Horas Extras (50%) | B105: hora | D105: =D98/180*1.5 -> 0 | E105: =C105*D105 -> 0 | G105: Excluir esta linha caso a contratação não tenha previsão de horas extras 50% explícita no edital
A106: Horas Extras Noturnas (50%) | B106: horas trabalhadas | G106: Excluir esta linha caso a contratação não tenha previsão de horas extras noturnas 50% explícita no edital
B107: hora contabilizada | C107: =C106*8/7 -> 0 | D107: =D98/180*1.5*1.2 -> 0 | E107: =C107*D107 -> 0 | G107: Excluir esta linha caso a contratação não tenha previsão de horas extras noturnas 50% explícita no edital
A108: Descanso Semanal Remunerado (DSR) - hora extra | B108: R$ | D108: =63/302*(SUM(E102:E107)) -> 0 | E108: =D108 -> 0 | G108: Excluir esta linha caso a contratação não tenha previsão de horas extras explícita no edital
A109: Base de cálculo da Insalubridade | C109: 1
A110: Adicional de Insalubridade | B110: % | C110: =+C89 -> 40 | D110: =D99 -> 0 | E110: =C110*D110/100 -> 0
...

Sheet Encargos Sociais
A1: Orientações para preenchimento:
A2: 1. Preencha previamente os dados de entrada na planilha 3.CAGED
A4: 2. Composição dos Encargos Sociais
A5: Código | B5: Descrição | C5: Valor
A6: A1 | B6: INSS | C6: 0.2
A7: A2 | B7: SESI | C7: 0.015
A8: A3 | B8: SENAI | C8: 0.01
A9: A4 | B9: INCRA | C9: 0.002
A10: A5 | B10: SEBRAE | C10: 0.006
A11: A6 | B11: Salário educação | C11: 0.025
A12: A7 | B12: Seguro contra acidentes de trabalho | C12: 0.03
A13: A8 | B13: FGTS | C13: 0.08
A14: A | B14: SOMA GRUPO A | C14: =SUM(C6:C13) -> 0.368
A16: B1 | B16: Férias gozadas | C16: 0.0619
A17: B2 | B17: 13º salário | C17: 0.0833
A18: B3 | B18: Licença Paternidade | C18: 0.0006
A19: B4 | B19: Faltas justificadas | C19: 0.0082
A20: B5 | B20: Auxilio acidente de trabalho | C20: 0.0031
A21: B6 | B21: Auxilio doença | C21: 0.0166
A22: B | B22: SOMA GRUPO B | C22: =SUM(C16:C21) -> 0.1737
A24: C1 | B24: Aviso prévio indenizado | C24: 0.0256
A25: C2 | B25: Férias indenizadas | C25: 0.0492
A26: C3 | B26: Férias indenizadas s/ aviso previo inden. | C26: =C24*C25 -> 0.00125952
A27: C4 | B27: Depósito rescisão sem justa causa | C27: 0.0205
A28: C5 | B28: Indenização adicional | C28: 0.0018
A29: C | B29: SOMA GRUPO C | C29: =SUM(C24:C28) -> 0.09835952
A31: D1 | B31: Reincidência de Grupo A sobre Grupo B | C31: =ROUND(C14*C22,4) -> 0.0639
A32: D2 | B32: Reincidência de FGTS sobre aviso prévio indenizado | C32: =ROUND((C24*C13),4) -> 0.002
A33: D | B33: SOMA GRUPO D | C33: =SUM(C31:C32) -> 0.0659
B34: SOMA (A+B+C+D) | C34: =C33+C29+C22+C14 -> 0.70595952

Sheet 3.CAGED
A1: CÁLCULO DAS VERBAS INDENIZATÓRIAS DOS EMPREGADOS NO SETOR DE COLETA DE RSU
A3: Tendo em vista que o CAGED foi descontinuado em janeiro de 2020, esta planilha foi atualizada até 31/12/2019.
A5: Preencha as células em amarelo
B7: 3. CAGED
B8: Rio Grande do Sul - Coleta de Resíduos Não-Perigosos - CNAE 38114
B9: Admissões
B10: Desligamentos
B11: Dispensados com justa causa
B12: Dispensados sem justa causa
B13: Espontâneos
B14: Fim de contrato por prazo determinado
B15: Término de contrato
B16: Aposentados
B17: Mortos
B18: Transferência de saída
... B22: Estoque recuperado final do Período 31-12-2019
B23: Variação Emprego Absoluta de 01-01-2019 a 31-12-2019 | C23: =C9-C10 -> 0
B25: Estoque Médio | C25: =MEDIAN(C21,C22) -> #NUM!
B26: % Demitidos s/ Justa Causa em relação ao Estoque Médio | C26: =C12/C25 -> #NUM!
B27: Taxa de Rotatividade | C27: =MEDIAN(C9,C10)/C25 -> #NUM!
B28: Rotatividade temporal (meses) | C28: =12/C27 -> #NUM!
B29: Dias ano | C29: 360
B30: 1/3 de férias (dias) | C30: 10
B31: Férias (dias) | C31: 30
B32: 13º Salário (dias) | C32: 30
B33: Dias de Aviso prévio | C33: =30+(3*TRUNC(1/C27)) -> #NUM!
B34: FGTS | C34: 0.08
B35: Multa FGTS | C35: 0.4 | D35: Ajustado, de acordo com a nova Lei Federal nº 13.932/2019

Sheet BDI
A1: Orientações para preenchimento:
A2: 1. Esta planilha é somente um modelo-base e deve ser ajustada conforme cada caso concreto.
A3: 2. Preencher somente células em amarelo
A6: 4. Composição do BDI - Benefícios e Despesas Indiretas
D8: Referência estudo TCE
D9: 1° Quartil | E9: Médio | F9: 3° Quartil
A10: Administração Central | B10: AC | C10: 0.0297 | D10: 0.0297 | E10: 0.0508 | F10: 0.0627
A11: Seguros/Riscos/Garantias | B11: SRG | C11: 0.0086 | D11: =0.3%+0.56% -> 0.0086 | E11: =0.48%+0.85% -> 0.0133 | F11: =0.82%+0.89% -> 0.0171
A12: Lucro | B12: L | C12: 0.102 | D12: 0.0778 | E12: 0.1085 | F12: 0.1355
A13: Despesas Financeiras | B13: DF | C13: =(1+E13)^(E14/252)-1 -> 0.0020452168 | D13: i | E13: 0.02
A14: Tributos - ISS | B14: T | C14: 0.05 | D14: DU | E14: 26
A15: Tributos - PIS/COFINS | C15: 0.0365
A16: Simples Nacional
A17: Fórmula para o cálculo do BDI:
A18: {[(1+AC+SRG) x (1+L) x (1+DF)] / (1-T)} -1
A19: Resultado do cálculo do BDI: | C19: =ROUND((((1+C10+C11)*(1+C12)*(1+C13))/(1-(C14+C15+C16)))-1,4) -> 0.2551 | D19: 0.2143 | E19: 0.2717 | F19: 0.3362

Sheet Depreciação
A1: 5. Depreciação Referencial TCE/RS (%)
A2: Idade do veículo (ano) | B2: Depreciação Média
A3: 1 | B3: 33.63
A4: 2 | B4: 43.13
A5: 3 | B5: 48.68
A6: 4 | B6: 52.62
A7: 5 | B7: 55.68
A8: 6 | B8: 58.18
A9: 7 | B9: 60.29
A10: 8 | B10: 62.12
A11: 9 | B11: 63.73
A12: 10 | B12: 65.18
A13: 11 | B13: 66.48
A14: 12 | B14: 67.67
... A17: 15 | B17: 70.73

Sheet Remuneração de capital
A1: 6. Remuneração de Capital
A3: Fórmula de cálculo da remuneração de capital:
A12: Jm = remuneração de capital mensal
A13: i = taxa de juros do mercado (sugere-se adotar a taxa SELIC)
A14: Im = investimento médio
A15: V0 = valor inicial do bem
A16: Vr = valor residual do bem
A17: n = vida útil do bem em anos

Sheet 7. Dimensionamento
A1: Orientações para preenchimento:
A2: 1. Esta planilha é somente um modelo de cálculo expedito e deve ser ajustada conforme cada caso concreto.
A3: 2. Dimensionar separadamente setores atendidos por veículos de capacidade de carga diferentes.
A4: 3. Preencher somente células em amarelo
A6: O TCE/RS não se responsabiliza pelo uso incorreto desta planilha.
A7: O orçamento deve ser realizado por responsável técnico habilitado e é de responsabilidade do seu autor.
L8: 934.17 | M8: 204117.75 | N8: =M8/L8 -> 218.50172
A9: 7. Dimensionamento da frota | L9: 876.1 | M9: 191427.85 | N9: =M9/L9 -> 218.5
L10: 835.51 | M10: 182558.94 | N10: =M10/L10 -> 218.50001
A11: Indicador | B11: Unid | C11: Valor | L11: 828.87 | M11: 181090.61 | N11: =M11/L11 -> 218.47891
A12: População (H) | B12: hab | C12: 56406 | H12: Censo IBGE (2026) | L12: 754.84 | M12: 164934.72 | N12: =M12/L12 -> 218.50289
A13: Geração per capita (G) | B13: Kg/hab.dia | C13: 0.53185831 | L13: 834.44 | M13: 182322.95 | N13: =M13/L13 -> 218.49738
A14: Geração total diária (Qd) | B14: ton/dia | C14: =C12*C13/1000 -> 30 | J14: =L21 -> 837.71833 | L14: 757.05 | M14: 165415.43 | N14: =M14/L14 -> 218.50001
A15: Geração Mensal | B15: ton | C15: =(C14*30) -> 900 | J15: =J14/30 -> 27.923944 | L15: 698.18 | M15: 152552.33 | N15: =M15/L15 -> 218.5
A16: Número de dias de coleta por semana (Dc) | B16: dia | C16: 6 | J16: =J15/C12 -> 0.00049505273 | L16: 843.6 | M16: 184326.6 | N16: =M16/L16 -> 218.5
A17: Quantitativo diário de coleta (Qc) | B17: ton/dia | C17: =IFERROR(C14*7/C16,0) -> 35 | J17: =J16*1000 -> 0.49505273 | L17: 1002 | M17: 219039.69 | N17: =M17/L17 -> 218.60249
A18: Densidade RSU compactado | B18: Kg/m³ | C18: 500 | L18: 827.76 | M18: 180865.56 | N18: =M18/L18 -> 218.5
A19: Tipo de Veículo (1 = toco, 2 = truck) | C19: 1 | L19: 860.1 | M19: 187931.85 | N19: =M19/L19 -> 218.5
A20: Capacidade do Compactador | B20: m³ | C20: 15 | L20: =SUM(L8:L19) -> 10052.62 | M20: =SUM(M8:M19) -> 2196584.3
A21: Capacidade nominal de carga (Cc) | B21: ton | C21: =IF(AND(C20>=15,C19=1),5.8,C20/2) -> 5.8 | L21: =L20/12 -> 837.71833
A22: Número de Cargas por dia (Nc) | C22: =IFERROR(C17/C21,0) -> 6.0344828
A23: Número total de percursos de coleta por veículo, por dia (Np) | C23: 2
A24: Número de veículos da Frota (F) | C24: =IFERROR(C22/C23,0) -> 3.0172414
